 Dungeon Crawl Stone Soup version 0.31-a0-609-g7bf6ffcfed (webtiles) character file.

Game seed: 5941099085320131260

35 IdlyInterested the Covered (level 3, 0/29 HPs)
             Began as a Demonspawn Fighter on Aug 21, 2023.
             Slain by a gnoll
             ... wielding a +0 spear of pain
              (1 damage)
             ... on level 2 of the Dungeon.
             The game lasted 00:02:03 (949 turns).

IdlyInterested the Covered (Demonspawn Fighter)      Turns: 949, Time: 00:02:04

Health: 0/29       AC:  8    Str: 18    XL:     3   Next: 16%
Magic:  3/3        EV:  9    Int:  9    God:
Gold:   33         SH:  4    Dex: 12    Spells: 2/2 levels left

rFire   . . .        a - +0 rapier
rCold   . . .        c - +0 buckler
rNeg    . . .        b - +0 scale mail
rPois   .            (no helmet)
rElec   .            (no cloak)
rCorr   .            (no gloves)
SInv    .            (no boots)
Will    +....        (no amulet) Stlth
                     g - ring of willpower
HPRegen 0.24/turn    (no ring)
MPRegen 0.08/turn

%: no passive effects
@: invisible
A: icy blue scales 1
a: no special abilities


You were on level 2 of the Dungeon.
You visited 1 branch of the dungeon, and saw 2 of its levels.

You collected 33 gold pieces.

Inventory:

Hand Weapons
 a - a +0 rapier (weapon)
Missiles
 k - 3 stones (quivered)
Armour
 b - a +0 scale mail (worn)
 c - a +0 buckler (worn)
Jewellery
 g - a ring of willpower (left hand)
Scrolls
 f - a scroll of torment {unknown}
 i - a scroll of fear {unknown}
 j - a scroll of enchant armour {unknown}
 l - a scroll of identify {unknown}
 n - a scroll of poison {unknown}
Potions
 d - a potion of might
 e - a potion of invisibility
 h - a potion of curing {unknown}
 m - a potion of mutation {unknown}


   Skills:
 - Level 3.0 Fighting
 + Level 2.3 Short Blades
 * Level 3.5 Armour
 - Level 2.6 Shields


You had 2 spell levels left.
You didn't know any spells.
Your spell library was empty.

Dungeon Overview and Level Annotations

Branches:
Dungeon (2/15)

Altars:


Innate Abilities, Weirdness & Mutations

You are partially covered in icy blue scales. (AC +2)


Message History

You hear a shout!
A gnoll comes into view. It is wielding a +0 spear.
A gnoll comes into view. It is wielding a +0 flail.
Found a scroll labelled BEB DOUHUBATARGH.
The goblin hits you but does no damage.
The gnoll hits you from afar with a +0 spear of pain.
You writhe in agony.
You hit the goblin.
The goblin is moderately wounded.
The gnoll hits you from afar with a +0 spear of pain.
The goblin hits you but does no damage.
You hit the goblin.
The goblin is heavily wounded.
The goblin hits you but does no damage.
The gnoll hits you from afar with a +0 spear of pain.
You hit the goblin.
You kill the goblin!
The gnoll hits you from afar with a +0 spear of pain.
The gnoll closely misses you. The gnoll barely misses you. x2
You see here a +0 dagger.
You hit the gnoll but do no damage. The gnoll barely misses you.
You block the gnoll's attack. The gnoll hits you but does no damage.
You hit the gnoll.
The gnoll is moderately wounded.
The gnoll hits you from afar with a +0 spear.
* * * LOW HITPOINT WARNING * * *
The gnoll hits you but does no damage. The gnoll closely misses you.
The gnoll barely misses you.
You barely miss the gnoll.
The gnoll is moderately wounded.
The gnoll closely misses you. You block the gnoll's attack.
The gnoll hits you from afar with a +0 spear.
* * * LOW HITPOINT WARNING * * *
The gnoll hits you but does no damage.
You writhe in agony.
* * * LOW HITPOINT WARNING * * *
It was a potion of invisibility.
You fade into invisibility!
The gnoll hits you but does no damage. The gnoll barely misses you.
The gnoll hits you with a +0 spear of pain.
You die...

.... ....#
...gg ...
..... #.#
......#<#
.....g#.# ###
##.g.###.#
#..gg..gg#
.......####g#
......# #@#
...... #.#
..###. #.# ..
.# #..# .
##..# ...#
#...# .#...
.?....


You could see 3 gnolls.

Vanquished Creatures
  A dart slug (D:1)
  4 endoplasms (D:1)
  2 giant cockroaches (D:1)
  4 goblins
  2 hobgoblins (D:1)
  3 jackals (D:1)
  A kobold (D:1)
  3 quokkas (D:1)
  2 ball pythons (D:1)
  6 rats (D:1)
28 creatures vanquished.

Notes
Turn   | Place    | Note
-------+----------+-------------------------------------------
     0 | D:1      | IdlyInterested the Demonspawn Fighter began the quest for
                  | the Orb.
     0 | D:1      | Reached XP level 1. HP: 18/18 MP: 1/1
   164 | D:1      | Gained mutation: You are partially covered in icy blue
                  | scales. (AC +2) [demonic ancestry]
   164 | D:1      | Reached XP level 2. HP: 24/24 MP: 2/2
   349 | D:1      | Found a faded altar of an unknown god.
   695 | D:1      | Reached XP level 3. HP: 29/29 MP: 3/3
   948 | D:2      | HP: 1/29 [gnoll/+0 spear of pain (1)]
   949 | D:2      | Slain by a gnoll

Illustrated notes

Levels and vault maps discovered:
D:1:      giann_horns, layout_loops_ring, chequers_ecumenical_altar_island,
          minmay_liquid_box, kennysheep_pointless_box
D:2:      layout_rooms, basic_altar, uniq_jessica

Skill      XL: |  1 |
---------------+----+-----
Short Blades   | 2 |  2.3
Armour         | 3 |  3.5
Fighting       | |  3.0
Shields        | |  2.6

Action                     || total
---------------------------++-------
  Melee: Rapier            ||    81
    Use: Potion            ||     1
 Armour: Scale mail        ||    33
  Dodge: Dodged            ||    41
  Block: Buckler           ||    12

Table legend: (Time is in decaauts)
 A = Elapsed time spent in this place.
 B = Non-inter-level travel time spent in this place.
 C = Inter-level travel time spent in this place.
 D = Time resting spent in this place.
 E = Time spent auto-exploring this place.
 F = Levels seen in this place.
 G = Mean time per level.
                   A        B        C        D        E       F      G
               +--------+--------+--------+--------+--------+-----+--------+
         Total |    962 |    916 |     46 |      9 |    662 |   2 |  481.0 |
       Dungeon |    962 |    916 |     46 |      9 |    662 |   2 |  481.0 |
               +--------+--------+--------+--------+--------+-----+--------+

Top non-repeatable levels by time:
     D:1: 939 daAuts
     D:2: 22 daAuts
